Unix NetHack Version 5.0.0-0 post-release - last build Jun 10 2026 00:39:30 (3ee93aec679c4c4259841fe613dc97188e26a321,branch:main).

Game began 2026-06-15 04:37:13, ended 2026-06-15 04:41:11.

CyberFan, chaotic female human Rogue

         -------------     ------        --------
         |............#####-.....        |.......  #               -------
        #............|     |....|        -......|  0###############......|
        #|...........|     .....-        |..>....###               |.[...|
        #-------.-----     ------       f@[.....|  ## ..           ......|
        #                               B|......|                  |.....-#
        #                               #--------                  -------#
        #                               ##                               ##
 -------#                          ##    #                              ##
 |......#                #   ########    ##                             #
 |.....|         #       ####0     #      #                             #
 |.....-###################        #------#                           # #
 -------         #       #         #|....|#                           ###
                                   #|....-#                            #-----
                                   #.....|                             #....|
                                    ------                              |..<|
                                                                        -----

CyberFan the Cutpurse   St:14 Dx:17 Co:16 In:8 Wi:10 Ch:10  Chaotic
Dlvl:2  $:25 HP:0(22) Pw:8(8) AC:3  Xp:3/58 T:665 

Latest messages:
 In what direction?
 You kill the jackal!
 j - an uncursed +0 dagger named ammo (at the ready) (12 in total).
 Where do you want to travel to?
 (For instructions type a '?')
 The jackal misses!
 You kill the jackal!
 You see here 7 crude arrows.
 The goblin wields an orcish dagger!
 The orcish dagger welds itself to the goblin's hand!
 In what direction?
 The dagger named ammo hits the goblin.
 You swap places with your kitten.
 You kill the goblin!
 j - an uncursed +0 dagger named ammo (at the ready) (12 in total).
 You swap places with your kitten.
 You descend the stairs.
 The kitten misses the gnome.
 You climb up the stairs.
 You descend the stairs.
 Where do you want to travel to?
 (For instructions type a '?')
 You swap places with your kitten.
 The kitten misses the gnome lord.
 The kitten bites the gnome lord.
 The gnome lord hits!
 The kitten bites the gnome lord.
 The gnome lord misses the kitten.
 You hit the gnome.
 The kitten bites the gnome lord.
 The gnome lord hits the kitten.
 The gnome lord hits!
 You climb up the stairs.
 The bat bites!
 The bat misses!
 The bat bites!
 The kitten misses the bat.
 In what direction?
 You throw 2 daggers named ammo.
 The 1st dagger named ammo misses the bat.
 The 2nd dagger named ammo hits the bat.
 The bat bites!
 The kitten misses the bat.
 The bat bites!
 The kitten bites the bat.
 You swap places with your kitten.
 The bat bites!
 The kitten misses the bat.
 The bat bites!
 You die...

Inventory:
 Coins    ('$')
  $ - 25 gold pieces
 Weapons  (')')
  b - an uncursed +0 dagger (weapon in right hand)
  j - 10 uncursed +0 daggers named ammo (at the ready)
  p - a cursed -1 dagger
  a - an uncursed +0 short sword (alternate weapon; not wielded)
 Armor    ('[')
  n - an uncursed +0 orcish helm (being worn)
  o - a blessed +0 cloak of protection (being worn)
  c - an uncursed +1 leather armor (being worn)
 Comestibles  ('%')
  q - 2 uncursed cram rations
  g - 2 uncursed tripe rations
  s - an uncursed lichen corpse
 Potions  ('!')
  m - a cursed potion of healing
  d - an uncursed potion of sickness
 Tools    ('(')
  f - an empty uncursed sack
  l - a blessed brass lantern
  e - an uncursed lock pick
 Gems/Stones  ('*')
  i - 2 uncursed amber stones
  r - an uncursed worthless piece of yellowish brown glass

CyberFan the Rogue's attributes:

Background:
 You were a Cutpurse, a level 3 female human Rogue.
 You were chaotic, on a mission for Kos
 who was opposed by Issek (lawful) and Mog (neutral).
 You were right-handed.
 You were in the Dungeons of Doom, on level 2.
 You entered the dungeon 665 turns ago.
 It was nighttime.
 There was a new moon in effect when your adventure ended.
 You had 58 experience points, 22 more were needed to attain level 4.

Basics:
 You had 0 out of 22 hit points.
 You had all 8 energy points (spell power).
 Your armor class was 3.
 Your wallet contained 25 zorkmids.
 Autopickup was on for '$%?!"=/*' plus thrown, with exceptions.

Final Characteristics:
 Your strength was 14 (limit:18/100).
 Your dexterity was 17 (limit:18).
 Your constitution was 16 (limit:18).
 Your intelligence was 8 (limit:18).
 Your wisdom was 10 (limit:18).
 Your charisma was 10 (limit:18).

Final Status:
 You weren't hungry.
 You were unencumbered.
 You were wielding a dagger.
 You had basic skill with dagger.

Final Attributes:
 You were fervently aligned.
 You were stealthy.
 You were protected.
 You are dead.

Miscellaneous:
 You disabled loading and storing of bones levels.
 Total elapsed playing time was 3 minutes and 57 seconds.

Major events:
 Turn
    1: CyberFan the chaotic female human Rogue entered the dungeon
  480: attained the rank of Cutpurse (level 3)
  652: entered the Gnomish Mines
  665: killed by a bat

You didn't know any spells.

Skills:
 Fighting Skills
   bare handed combat [Unskilled]
   two weapon combat  [Unskilled]
   riding             [Unskilled]
 Weapon Skills
   dagger             [Basic]
   knife              [Unskilled]
   short sword        [Basic]
   broadsword         [Unskilled]
   long sword         [Unskilled]
   two-handed sword   [Unskilled]
   saber              [Unskilled]
   club               [Unskilled]
   mace               [Unskilled]
   morning star       [Unskilled]
   flail              [Unskilled]
   hammer             [Unskilled]
   polearms           [Unskilled]
   spear              [Unskilled]
   crossbow           [Unskilled]
   dart               [Unskilled]
   shuriken           [Unskilled]
 Spellcasting Skills
   divination spells  [Unskilled]
   escape spells      [Unskilled]
   matter spells      [Unskilled]

Voluntary challenges:
 Character rerolling was not enabled.
 You were an atheist.
 You never genocided any monsters.
 You never polymorphed an object.
 You never changed form.
 You used no wishes.
Achievements:
 You attained the rank of Cutpurse.
 You entered the Gnomish Mines.

 The Dungeons of Doom: levels 1 to 2
    Level 1:
       Some fountains.
    Level 2: <- You were here.
       Stairs down to The Gnomish Mines.
       Final resting place for
          you, killed by a bat.
 The Gnomish Mines:
    Level 3:


Vanquished creatures:
 an acid blob
  a hobbit
  a giant rat
  4 jackals
  a fox
  4 goblins
  2 sewer rats
  a grid bug
  4 lichens
  a newt
20 creatures vanquished.

No species were genocided or became extinct.

Game over:
                       ----------
                      /          \
                     /    REST    \
                    /      IN      \
                   /     PEACE      \
                  /                  \
                  |     CyberFan     |
                  |      25 Au       |
                  | killed by a bat  |
                  |                  |
                  |                  |
                  |                  |
                  |       2026       |
                 *|     *  *  *      | *
        _________)/\\_//(\/(/\)/\//\/|_)_______

Goodbye CyberFan the Rogue...

You died in The Dungeons of Doom on dungeon level 2 with 355 points,
and 25 pieces of gold, after 665 moves.
You were level 3 with a maximum of 22 hit points when you died.

